 Dungeon Sprint DCSS version 0.19.4-8-ga85b6b9 (webtiles) character file.

1100000 protoss039 the Slayer (level 16, -39/179 (180) HPs)
             Began as a Ghoul Fighter on Feb 13, 2017.
             Annihilated by a meat berserker
             ... wielding a +9 battleaxe
              (57 damage)
             ... in the Dungeon (Sprint VIII: "Arena of Blood").
             The game lasted 00:00:32 (11 turns).

protoss039 the Slayer (Ghoul Fighter)                 Turns: 11, Time: 00:00:32

HP:   -39/179 (180) AC: 12    Str: 27    XL:     16   Next: 40%
MP:   15/15         EV: 10    Int:  3    God:
Gold: 0             SH:  0    Dex:  8    Spells: 0 memorised, 15 levels left

rFire  . . .     SeeInvis .     k - +∞ Axe of Woe
rCold  + . .     Gourm    .     a - +0 scale mail
rNeg   + + +     Faith    .     (shield currently unavailable)
rPois  ∞         Spirit   .     (no helmet)
rElec  .         Reflect  .     (no cloak)
rCorr  .         Harm     .     (no gloves)
MR     +....     NoTele   +     (no boots)
Stlth  ..........               (no amulet)
                                (no ring)
                                (no ring)

@: rotting
A: rotting body, claws 1, carnivore 3, cold resistance 1, negative energy
resistance 3, slow regeneration 1, torment resistance, unbreathing
a: no special abilities


You were in the Dungeon.
You were not hungry.

You visited 1 branch

Inventory:

Hand Weapons
 k - the +∞ Axe of Woe (weapon)
   (You found it in the Dungeon)
Armour
 a - a +0 scale mail (worn)
 b - a +0 shield
Scrolls
 j - a scroll of blinking
Potions
 c - a potion of might
 e - a potion of curing
 f - a potion of heal wounds
 g - a potion of haste
 h - 2 potions of magic
 i - a potion of berserk rage
Comestibles
 d - a meat ration


   Skills:
 + Level 25.8 Fighting
 + Level 13.0 Axes
 + Level 22.4 Armour
 + Level 22.1 Shields
 + Level 14.9 Unarmed Combat


You had 15 spell levels left.
You didn't know any spells.

Dungeon Overview and Level Annotations

Branches:
Dungeon (1/1)

Altars:
Makhleb


Innate Abilities, Weirdness & Mutations

Your body is rotting away.
You thrive on raw meat.
You are immune to poison.
You have sharp fingernails.
You are carnivorous and can eat meat at any time.
Your flesh is cold resistant. (rC+)
You are immune to negative energy. (rN+++)
You regenerate slowly when monsters are visible.
You are immune to unholy pain and torment.
You can survive without breathing.


Message History

Your Axes skill increases to level 11!
Your Shields skill increases to level 21!
Your Unarmed Combat skill increases to level 14!
You have reached level 16!
You slice the bag of meat!!
You hew the bag of meat savagely.
You kill the bag of meat!
Your Fighting skill increases to level 25!
Your Axes skill gained 2 levels and is now at level 13!
Your Armour skill increases to level 22!
Your Shields skill increases to level 22!
You hear a shout! x6
The meat berserker appears out of thin air!
A meat berserker comes into view. It is wielding a +9 battleaxe.
The bag of meat appears out of thin air!
A bag of meat comes into view. It is wielding a +9 war axe.
You hear a shout! x3
The bag of meat hits you with a +9 war axe!!
* * * LOW HITPOINT WARNING * * *
The meat berserker hits you with a +9 battleaxe!!!
You die...

.. .. .. .. #.
o# #.. ..#
.###.. ..###.
......###......
...O..)@)......
....#.oO).#....
. #_.o._# .
#.O...#
....o_.....
.o....###......
.###.. ..###.
#.. ..# #.. ..#


You could see 3 meat berserkers and 3 bags of meat.

Vanquished Creatures
  8 orcs (D)
8 creatures vanquished.

Notes
Turn   | Place    | Note
-------+----------+-------------------------------------------
     0 | D        | protoss039 the Ghoul Fighter began the quest for the Orb.
     0 | D        | Reached XP level 1. HP: 19/19 MP: 0/0
     2 | D        | Noticed a bag of meat
     2 | D        | Noticed a bag of meat
     3 | D        | Noticed a bag of meat
     3 | D        | Noticed a bag of meat
     5 | D        | Noticed a bag of meat
     5 | D        | Noticed a bag of meat
     5 | D        | Noticed a bag of meat
     6 | D        | Noticed a bag of meat
     8 | D        | Noticed a bag of meat
     9 | D        | Noticed a meat berserker
     9 | D        | Killed a bag of meat
     9 | D        | Reached skill level 17 in Fighting
     9 | D        | Reached XP level 2. HP: 50/50 MP: 1/1
     9 | D        | Reached XP level 3. HP: 57/57 MP: 2/2
     9 | D        | Reached XP level 4. HP: 65/65 MP: 3/3
     9 | D        | Reached XP level 5. HP: 72/72 MP: 4/4
     9 | D        | Reached XP level 6. HP: 80/80 MP: 5/5
     9 | D        | Reached XP level 7. HP: 87/87 MP: 6/6
     9 | D        | Reached XP level 8. HP: 94/94 MP: 7/7
     9 | D        | Reached XP level 9. HP: 102/102 MP: 8/8
     9 | D        | Reached XP level 10. HP: 110/110 MP: 9/9
     9 | D        | Reached XP level 11. HP: 116/116 MP: 10/10
     9 | D        | Reached XP level 12. HP: 124/124 MP: 11/11
     9 | D        | Noticed a bag of meat
    10 | D        | Killed a bag of meat
    10 | D        | Reached skill level 19 in Fighting
    10 | D        | Reached skill level 5 in Axes
    10 | D        | Reached skill level 10 in Unarmed Combat
    10 | D        | Reached XP level 13. HP: 95/136 MP: 12/12
    10 | D        | Killed a bag of meat
    10 | D        | Reached skill level 20 in Fighting
    10 | D        | Reached XP level 14. HP: 104/148 MP: 13/13
    10 | D        | Killed a bag of meat
    10 | D        | Reached skill level 22 in Fighting
    11 | D        | Noticed a meat berserker
    11 | D        | Killed a bag of meat
    11 | D        | Reached skill level 23 in Fighting
    11 | D        | Reached XP level 15. HP: 36/162 MP: 14/14
    11 | D        | Reached skill level 24 in Fighting
    11 | D        | Reached skill level 10 in Axes
    11 | D        | Reached XP level 16. HP: 39/176 MP: 15/15
    11 | D        | Reached skill level 25 in Fighting
    11 | D        | Annihilated by a meat berserker

Skill      XL: |  1  2  3  4  5  6  7  8  9 10 11 12 13 14 15 16 |
---------------+-------------------------------------------------+-----
Fighting       | 17 19 20 23 24 25 | 25.8
Axes           | 3 5 7 9 11 13 | 13.0
Armour         | 14 17 18 20 21 22 | 22.4
Shields        | 14 16 18 20 21 22 | 22.1
Unarmed Combat | 9 10 11 13 14 | 14.9

Action                   |  1- 3 |  4- 6 |  7- 9 | 10-12 | 13-15 | 16-18 || total
-------------------------+-------+-------+-------+-------+-------+-------++-------
Melee: Executioner's axe |     1 |       |       |     1 |     1 |       ||     3
